Map: Dusk Towers

Players

Fropez

  • Race: Protoss Protoss
  • League: Silver
  • Spawn Location: 7:00

DISCORD - Winner!

  • Race: Terran Terran
  • League: Silver
  • Spawn Location: 1:00

VOD

Have the link to the VOD?

Description

Time

  • Played on: June 2, 2016, 1:05 p.m.
  • Length: 8:41
Show
View Real Time Build Order
Export as new Build Order

Fropez Protoss 

Build Orders: Blink Stalkers 

Get SALT Encoding   

  12  0:01  Probe (Chrono Boost)  
  13  0:15  Pylon  
  13  0:20  Probe (Chrono Boost)  
  14  0:30  Probe (Chrono Boost)  
  15  0:38  Gateway  
  15  0:41  Probe (Chrono Boost)  
  16  0:51  Assimilator  
  16  0:52  Probe (Chrono Boost)  
  17  1:02  Probe (Chrono Boost)  
  18  1:05  Pylon  
  18  1:13  Probe (Chrono Boost)  
  19  1:23  Probe (Chrono Boost)  
  19  1:25  Cybernetics Core  
  20  1:29  Assimilator  
  20  1:34  Probe (Chrono Boost)  
  21  1:44  Probe (Chrono Boost), Gateway  
  22  1:50  Pylon  
  23  2:02  Mothership Core (Chrono Boost)  
  23  2:06  Warp Gate (Chrono Boost)  
  24  2:15  Stalker  
  26  2:20  Probe (Chrono Boost)  
  26  2:36  Probe (Chrono Boost)  
  27  2:37  Twilight Council  
  27  2:42  Stalker  
  29  2:48  Pylon, Probe  
  30  2:59  Stalker  
  32  3:20  Blink (Chrono Boost)  
  32  3:22  Probe  
  33  3:40  Pylon, Probe  
  34  3:49  Forge  
  34  3:52  Probe  
  34  3:54  Pylon  
  35  4:04  Probe  
  35  4:09  Stalker x2  
  40  4:16  Probe  
  41  4:21  Protoss Ground Weapons Level 1  
  41  4:28  Probe  
  42  4:33  Stalker  
  44  4:40  Probe  
  45  4:50  Stalker  
  45  4:52  Probe  
  48  5:04  Probe  
  49  5:16  Pylon  
  49  5:45  Pylon  
  49  5:46  Nexus  
  49  5:49  Pylon  
  45  5:51  Pylon  
  45  5:53  Assimilator  
  43  5:59  Assimilator  
  43  6:02  Pylon  
  43  6:03  Pylon  
  43  6:09  Stalker  
  43  6:10  Stalker  
  46  6:12  Probe  
  41  6:21  Gateway  
  41  6:23  Gateway  
  41  6:24  Gateway  
  41  6:39  Stalker  
  43  6:49  Probe  
  44  6:59  Probe  
  46  7:01  Probe  
  46  7:10  Probe  
  47  7:18  Probe  
  47  7:21  Stargate  
  47  7:22  Stargate  
  48  7:27  Stalker  
  48  7:28  Stalker  
  52  7:32  Probe  
  52  7:33  Probe  
  54  7:42  Probe  
  55  7:45  Probe  
  56  7:53  Probe  
  56  7:57  Pylon  
  56  8:01  Zealot  
  48  8:23  Stalker  
Show
View Real Time Build Order
Export as new Build Order

DISCORD Terran - Winner!

Build Orders: Reaper Expand, MMM Bio 

Get SALT Encoding   

  12  0:01  SCV  
  13  0:13  SCV  
  14  0:17  Supply Depot  
  14  0:25  SCV  
  15  0:39  SCV  
  15  0:40  Barracks  
  16  0:44  Refinery  
  16  0:51  SCV  
  17  1:03  SCV  
  18  1:15  SCV  
  19  1:27  Orbital Command  
  19  1:28  Reaper  
  20  1:42  Command Center  
  20  1:52  SCV  
  21  2:05  SCV  
  22  2:09  Barracks Tech Lab  
  22  2:11  Supply Depot  
  22  2:17  SCV, Factory  
  22  2:19  Refinery  
  23  2:33  SCV  
  24  2:37  Supply Depot  
  24  2:39  Marine  
  25  2:49  Stimpack  
  25  2:53  SCV  
  26  3:01  Supply Depot  
  26  3:06  SCV  
  26  3:11  Factory Tech Lab  
  26  3:14  Starport  
  26  3:15  Orbital Command  
  26  3:18  SCV  
  27  3:26  Marauder  
  29  3:30  SCV  
  30  3:40  Barracks  
  30  3:42  SCV  
  30  3:43  Barracks  
  34  3:49  Widow Mine  
  34  3:52  Medivac  
  34  3:54  SCV  
  34  3:55  Marine  
  37  4:00  SCV, Engineering Bay  
  38  4:05  Refinery  
  38  4:06  SCV  
  39  4:12  SCV  
  39  4:13  Marine  
  41  4:17  Supply Depot  
  41  4:18  SCV  
  44  4:33  Marine, SCV x2  
  44  4:37  Barracks Reactor, Barracks Tech Lab  
  45  4:45  Starport Reactor  
  45  4:47  Siege Tank  
  45  4:48  SCV  
  45  4:49  SCV  
  45  4:51  Marine  
  51  4:53  Supply Depot, Terran Infantry Weapons Level 1  
  51  5:00  Marine, SCV  
  51  5:01  SCV  
  51  5:02  Combat Shields  
  54  5:09  Marine  
  54  5:10  Refinery  
  54  5:13  SCV x2  
  57  5:17  Marine  
  58  5:25  SCV  
  58  5:27  Marine x3  
  61  5:35  Marine  
  61  5:37  SCV x2  
  61  5:40  Supply Depot  
  64  5:44  Marine  
  64  5:45  Marine x2  
  64  5:49  SCV x2  
  64  5:53  Marine  
  65  5:59  Siege Tank  
  65  6:02  Marine  
  65  6:03  Marine x2  
  71  6:11  Marine  
  69  6:12  SCV x2  
  69  6:16  Liberator x2  
  71  6:20  Marine x2  
  71  6:21  Marine  
  71  6:24  SCV  
  75  6:29  SCV  
  75  6:30  Marine  
  75  6:32  Siege Tank  
  86  6:42  Supply Depot  
  86  6:44  Marine x2, SCV x2, Supply Depot  
  86  6:46  Supply Depot  
  90  6:47  Marine  
  90  6:48  Marine  
  90  6:51  Concussive Shells  
  92  6:57  SCV x2  
  94  7:03  Marine x2  
  94  7:05  Marine x2  
  98  7:09  SCV x2  
  100  7:22  Marine, Marauder  
  103  7:23  Marine, SCV x2  
  103  7:24  Marauder  
  103  7:26  Supply Depot  
  103  7:27  Siege Tank  
  114  7:31  Medivac  
  113  7:40  Marine, Barracks  
  113  7:41  Marine  
  113  7:43  Barracks  
  115  7:47  Marine x2, SCV x2  
  119  7:51  Command Center  
  119  7:58  Marine  
  120  7:59  SCV x2  
  122  8:13  Marine x3  
  122  8:16  Marine  
  126  8:29  Supply Depot  
Tags
 
Add a new tag
Caveats
  • Supply blocks, unpowered buildings, or Contaminate may cause inaccurate times.
  • Supply counts are checked every 10 seconds.